 Dungeon Crawl Stone Soup version 0.18.1-47-g9310371 (webtiles) character file.

129 matakusis the Grave Robber (level 4, -9/30 HPs)
             Began as a Demonspawn Necromancer on June 15, 2016.
             Killed by nerve-wracking pain
             ... invoked by an orc priest
              (12 damage)
             ... on level 3 of the Dungeon.
             The game lasted 00:09:59 (2208 turns).

matakusis the Grave Robber (Demonspawn Necromancer) Turns: 2208, Time: 00:10:00

Health: -9/30      AC:  4    Str:  9    XL:     4   Next: 88%
Magic:  1/9        EV: 12    Int: 17    God:
Gold:   125        SH:  0    Dex: 13    Spells: 3 memorised, 4 levels left

rFire  + . .     SeeInvis .     e - +0 dagger
rCold  . . .     Gourm    .     a - +1 robe
rNeg   . . .     Faith    .     (no shield)
rPois  .         Spirit   .     (no helmet)
rElec  .         Dismiss  .     h - +0 cloak
rCorr  .         Reflect  .     (no gloves)
SustAt .         Harm     .     (no boots)
MR     .....                    (no amulet)
Stlth  ++........               (no ring)
                                (no ring)

@: not resistant to hostile enchantments, unstealthy
A: fire resistance 1, spiny 1
a: no special abilities


You were on level 3 of the Dungeon.
You were near starving.

You visited 1 branch of the dungeon, and saw 3 of its levels.

You collected 125 gold pieces.

Inventory:

Hand Weapons
 e - a +0 dagger (weapon)
Armour
 a - a +1 robe (worn)
 h - a +0 cloak (worn)
Wands
 p - a wand of disintegration (12/24)
Scrolls
 o - 2 scrolls of enchant armour
Potions
 d - a potion of agility
 g - 2 potions of haste
 i - a potion of cure mutation
Books
 b - a book of Necromancy

   Spells                             Type                      Level
   a - Pain                           Necromancy                   1
   b - Animate Skeleton               Necromancy                   1
   c - Vampiric Draining              Necromancy                   3
   d - Regeneration                   Charms/Necromancy            3
   e - Animate Dead                   Necromancy                   4
   f - Control Undead                 Necromancy                   4
Comestibles
 c - 4 bread rations
 f - a meat ration
 j - 4 fruits
 n - a beef jerky


   Skills:
 - Level 1.7 Dodging
 - Level 1.7 Stealth
 + Level 3.6 Spellcasting
 + Level 5.7 Necromancy


You had 4 spell levels left.
You knew the following spells:

 Your Spells              Type           Power        Failure   Level  Hunger
a - Pain                  Necr           ###.         1%          1    None
b - Animate Skeleton      Necr           N/A          1%          1    None
c - Animate Dead          Necr           N/A          17%         4    ####...


Dungeon Overview and Level Annotations

Branches:
Dungeon (3/15)

Altars:
Beogh


Innate Abilities, Weirdness & Mutations

Your flesh is heat resistant.
You are partially covered in sharp spines.


Message History

Casting: Animate Dead
Confirm with . or Enter, or press ? or * to list all spells.
Aiming: Pain
Press: ? - help, Shift-Dir - straight line, f - orc wizard
Aim: an orc wizard, wielding a dagger and wearing a robe (heavily wounded, chance to defeat MR: 81%)
The orc wizard convulses in agony!
The orc wizard casts a spell.
The orc wizard seems to speed up.
Casting: Pain
Confirm with . or Enter, or press ? or * to list all spells.
Aiming: Pain
Press: ? - help, Shift-Dir - straight line, f/p - orc wizard
Aim: an orc wizard, wielding a dagger and wearing a robe (severely wounded, fast, chance to defeat MR: 81%)
The orc wizard barely resists.
The orc wizard casts a spell at you. The magic dart hits you!
* * * LOW HITPOINT WARNING * * *
The orc priest invokes the aid of Beogh against you.
Pain shoots through your body!
You die...

#.#..........Z..##
#............#...#
##...........##$.#
#..........###..#
##........g.###.##
#..........# #..#
#..........###..######
......................#
...............@....o..#
...#........#..#####o..#
..##......##.##...##..#
###.8.8.#Z## #_....oo#
#.8$8o### ##$$.# ####


You could see an orc priest and an orc wizard.

Vanquished Creatures
  A crimson imp (D:3)
  Jessica (D:2)
  3 dart slugs
  2 giant geckos (D:1)
  5 orcs (D:3)
  5 bats
  2 giant cockroaches
  8 goblins
  3 hobgoblins
  3 jackals (D:1)
  4 kobolds
  A ball python (D:2)
  2 giant newts (D:3)
  10 rats
50 creatures vanquished.

Vanquished Creatures (collateral kills)
  A kobold (D:1)
  2 goblins
  A rat (D:1)
4 creatures vanquished.

Grand Total: 54 creatures vanquished

Notes
Turn   | Place    | Note
--------------------------------------------------------------
     0 | D:1      | matakusis the Demonspawn Necromancer began the quest for the Orb.
     0 | D:1      | Reached XP level 1. HP: 13/13 MP: 3/3
     0 | D:1      | Noticed a ghoul
     0 | D:1      | Noticed a spriggan
     6 | D:1      | Noticed a vine stalker
    14 | D:1      | Noticed an elf
    17 | D:1      | Noticed a spriggan
    17 | D:1      | Noticed a merfolk zombie
    21 | D:1      | Noticed an elf
   164 | D:1      | Learned a level 1 spell: Animate Skeleton
   189 | D:1      | Gained mutation: Your flesh is heat resistant. [demonic ancestry]
   189 | D:1      | Reached XP level 2. HP: 8/19 MP: 0/5
   569 | D:1      | Reached skill level 5 in Necromancy
  1176 | D:1      | Gained mutation: You are partially covered in sharp spines. [demonic ancestry]
  1176 | D:1      | Reached XP level 3. HP: 24/24 MP: 3/6
  1572 | D:2      | Noticed Jessica
  1579 | D:2      | Killed Jessica
  1579 | D:2      | Reached XP level 4. HP: 28/30 MP: 4/8
  1597 | D:2      | Learned a level 4 spell: Animate Dead
  2189 | D:3      | Found a roughly hewn altar of Beogh.
  2208 | D:3      | Killed from afar by an orc priest

Skill      XL: |  1  2  3 |
---------------+----------+-----
Necromancy     | 5 |  5.7
Spellcasting   | 3 |  3.6
Dodging        | |  1.7
Stealth        | |  1.7

Action                   |  1- 3 |  4- 6 || total
-------------------------+-------+-------++-------
Melee: Unarmed           |     4 |       ||     4
       Dagger            |     7 |     4 ||    11
 Cast: Pain              |    45 |    25 ||    70
       Animate Skeleton  |    15 |     1 ||    16
       Animate Dead      |       |     5 ||     5
  Use: Scroll            |       |     6 ||     6
       Potion            |       |     2 ||     2
  Eat: Chunk             |     2 |     2 ||     4
Armor: Robe              |     3 |     2 ||     5
Dodge: Dodged            |    11 |    11 ||    22
